 Dungeon Crawl Stone Soup version 0.30.1-11-g7821555f0a (webtiles) character file.

Game seed: 16367111162478661612

14 booth the Trooper (level 2, 0/19 HPs)
             Began as a Gargoyle Monk on Oct 30, 2023.
             Slain by Natasha (4 damage)
             ... on level 2 of the Dungeon.
             The game lasted 00:05:29 (1101 turns).

booth the Trooper (Gargoyle Monk)                   Turns: 1101, Time: 00:05:30

Health: 0/19       AC:  7    Str: 14    XL:     2   Next: 45%
Magic:  2/2        EV: 12    Int: 10    God:
Gold:   29         SH:  0    Dex: 12    Spells: 1/1 levels left

rFire   . . .        a - +0 mace
rCold   . . .        d - orb {light}
rNeg    + . .        f - +0 leather armour
rPois   ∞            (no helmet)
rElec   +            (no cloak)
rCorr   .            (no gloves)
SInv    +            l - +1 pair of boots
Will    .....        (no amulet)
Stlth   +            g - ring of see invisible
HPRegen 0.23/turn    (no ring)
MPRegen 0.08/turn

%: no passive effects
@: glowing
A: sickness immunity, AC +2, negative energy resistance 1, electricity
resistance, torment resistance 1, petrification resistance
a: no special abilities


You were on level 2 of the Dungeon.
You visited 1 branch of the dungeon, and saw 2 of its levels.

You collected 29 gold pieces.

Inventory:

Hand Weapons
 a - a +0 mace (weapon)
 j - a +0 mace
Missiles
 h - 6 poisoned darts
 n - 6 boomerangs (quivered)
Armour
 b - a +0 robe
 d - an orb of light (worn)
 f - a +0 leather armour (worn)
 l - a +1 pair of boots (worn)
Jewellery
 g - a ring of see invisible (left hand)
Scrolls
 e - a scroll of teleportation {unknown}
 k - a scroll of poison {unknown}
Potions
 c - a potion of ambrosia
 i - a potion of curing {unknown}
 m - a potion of lignification {unknown}


   Skills:
 + Level 3.5 Fighting
 * Level 3.3 Maces & Flails
 + Level 2.6 Dodging


You had one spell level left.
You didn't know any spells.
Your spell library was empty.

Dungeon Overview and Level Annotations

Branches:
Dungeon (2/15)

Altars:

Annotations:
D:2 Natasha


Innate Abilities, Weirdness & Mutations

You are immune to sickness and miasma.
Your stone body is resilient. (AC +2)
You are immune to poison.
You resist negative energy. (rN+)
You are resistant to electric shocks. (rElec)
You are resistant to unholy torment.
You are immune to petrification.


Message History

You climb downwards.
The ball python hisses angrily.
There is a stone staircase leading up here.
A ball python is nearby!
You hit the ball python but do no damage.
The ball python closely misses you. The ball python grabs you.
The ball python constricts you.
You hit the ball python.
The ball python is moderately wounded.
The ball python bites you. The ball python constricts you.
The ball python barely misses you. The ball python constricts you.
You hit the ball python.
You kill the ball python!
There is a stone staircase leading up here.
You see here a ball python corpse.
HP restored.
Found a pair of embroidered boots.
You see here a +1 pair of boots.
l - a +1 pair of boots
Okay, then.
You start putting on your armour.
You continue putting on your +1 pair of boots. x4
You finish putting on your +1 pair of boots.
Found 6 boomerangs.
You see here 6 boomerangs.
n - 6 boomerangs Natasha, Servant of Life and Death comes into view.
She is carrying a wand of light (9).
Natasha hisses angrily.
Natasha zaps a wand.
The bolt of light hits you!
Ouch! That really hurt!
You hit Natasha.
Natasha is lightly wounded.
Natasha stares at you and mumbles some strange words.
You resist with significant effort.
You hit Natasha but do no damage.
Natasha is lightly wounded.
Natasha claws you.
* * * LOW HITPOINT WARNING * * *
Natasha claws you.
You die...

#...<#
#.#....##.#
#....#
#.#.#####.#
#....#
#.#.#####.#
#....#
#.#.##....#
..#..#
#.#.##.##.#
..#..#
#.#.##.##.#
..#..#
..#....##.#
# #... ##
#######.#
#.@.....#
#h#######
#. #. .#.
#.#. ..#.
####.


You could see Natasha.

Vanquished Creatures
  3 hobgoblins (D:1)
  2 kobolds (D:1)
  A quokka (D:1)
  3 ball pythons
  A bat (D:1)
  3 rats (D:1)
13 creatures vanquished.

Notes
Turn   | Place    | Note
-------+----------+-------------------------------------------
     0 | D:1      | booth the Gargoyle Monk began the quest for the Orb.
     0 | D:1      | Reached XP level 1. HP: 14/14 MP: 1/1
   385 | D:1      | Reached XP level 2. HP: 19/19 MP: 2/2
  1094 | D:2      | Noticed Natasha
  1101 | D:2      | Slain by Natasha

Illustrated notes

Levels and vault maps discovered:
D:1:      minmay_arrival_four_circles, layout_basic, minmay_tetromino_s2
D:2:      layout_rooms, serial_co_window_serial, co_window_corner_a,
          co_window_cross_1, co_window_paths_a, co_window_paths_a,
          co_window_paths_a, co_window_paths_b, co_window_paths_b,
          co_window_corner_a, co_window_corner_a, co_window_broadway_c,
          co_window_unsneaky_path_d, co_window_corner_b, co_window_cross_4,
          co_window_4corner_b, co_window_paths_d, glass_columns_a,
          glass_columns_c, serial_shops, shop, uniq_terence, uniq_robin,
          uniq_natasha

Action                     || total
---------------------------++-------
  Melee: Mace              ||    34
    Use: Scroll            ||     1
         Potion            ||     1
 Armour: Leather armour    ||     7
  Dodge: Dodged            ||    20
